 Dungeon Crawl Stone Soup version 0.21-a0-94-gdd6ab6a (webtiles) character file.

148 Ordine the Cudgeler (level 5, 0/32 HPs)
             Began as a Gargoyle Fighter on July 2, 2017.
             Slain by an ogre
             ... wielding a +0 giant club
              (16 damage)
             ... on level 4 of the Dungeon.
             The game lasted 00:06:29 (1867 turns).

Ordine the Cudgeler (Gargoyle Fighter)              Turns: 1867, Time: 00:06:29

Health: 0/32       AC: 14    Str: 19    XL:     5   Next: 30%
Magic:  5/5        EV:  5    Int:  9    God:
Gold:   96         SH: 10    Dex: 10    Spells: 4/4 levels left

rFire    + . .     SeeInvis .   a - +1 flail
rCold    . . .     Gourm    .   c - +1 shield
rNeg     + . .     Faith    .   i - +0 chain mail
rPois    ∞         Spirit   .   (no helmet)
rElec    +         Reflect  .   k - +0 cloak
rCorr    .         Harm     .   (no gloves)
MR       .....                  (no boots)
Stlth    ..........             (no amulet)
HPRegen  0.10/turn              o - ring of protection from fire
MPRegen  0.09/turn              (no ring)

@: no status effects
A: negative energy resistance 1, electricity resistance, unbreathing,
petrification resistance, rot immunity, AC +4
a: no special abilities


You were on level 4 of the Dungeon.
You were not hungry.

You visited 1 branch of the dungeon, and saw 4 of its levels.

You collected 96 gold pieces.

Inventory:

Hand Weapons
 a - a +1 flail (weapon)
Armour
 c - a +1 shield (worn)
 i - a +0 chain mail (worn)
 k - a +0 cloak (worn)
Jewellery
 e - an uncursed amulet of faith
 o - a ring of protection from fire (left hand)
Scrolls
 g - a scroll of fear
 m - 2 scrolls of immolation
 n - a scroll of teleportation
 q - a scroll of enchant weapon
Potions
 b - a potion of ambrosia {unknown}
 d - a potion of might
 h - 3 potions of haste
 l - 3 potions of agility
 p - a potion of flight
Comestibles
 f - a bread ration
 j - 3 royal jellies
 r - 2 chunks of flesh


   Skills:
 - Level 3.2 Fighting
 * Level 4.5 Maces & Flails
 - Level 3.2 Armour
 + Level 4.4 Shields


You had 4 spell levels left.
You didn't know any spells.

Dungeon Overview and Level Annotations

Branches:
Dungeon (4/15)
 Temple: D:4-7

Altars:
Nemelex Xobeh


Innate Abilities, Weirdness & Mutations

You are resistant to torment.
Your stone body is resilient. (AC +4)
You are immune to poison.
You resist negative energy. (rN+)
You are resistant to electric shocks. (rElec)
You can survive without breathing.
You are immune to petrification.
You are immune to rotting.


Message History

The giant cockroach bites you but does no damage.
The ogre hits you with a giant club!
You hit the giant cockroach.
You kill the giant cockroach!
The ogre barely misses you.
You barely miss the ogre. The ogre barely misses you.
You block the ogre's attack.
You barely miss the ogre. You block the ogre's attack.
You sock the ogre!
The ogre is moderately wounded.
The ogre hits you with a giant club.
You hit the ogre.
The ogre is heavily wounded.
The ogre hits you with a giant club!
You are too injured to fight recklessly!
You barely miss the ogre.
The ogre is heavily wounded.
The ogre hits you with a giant club!
Ouch! That really hurt!
You die...

.......#
#...##.#
#.....# #.#
.......#
#...##.#
#.....# #.#
.......#
######.#
#.....####..
.......# #.#
####........
.......# #.#
#.#####..
.......# #.#
#..# #..
########
#.### ##.#
#.. #...##
.# #..
##@..######
.. #..
#O..'....#
#.# #<#
#...####.#
.# #.# #...#
#.# #.#
#...####....
#.#
#.......#
#.#
#....†..#
#.#
####....#
#.# #....#
#.#


You could see an ogre.

Vanquished Creatures
  A scorpion (D:4)
  A hound (D:4)
  A hound skeleton (D:4)
  An adder (D:2)
  2 oozes
  A worm (D:2)
  A dart slug (D:1)
  3 giant cockroaches
  3 goblins
  6 hobgoblins
  2 jackals (D:3)
  A quokka (D:2)
  A ball python (D:1)
  2 bats (D:3)
  2 frilled lizards (D:3)
  5 kobolds
  7 rats
40 creatures vanquished.

Notes
Turn   | Place    | Note
-------+----------+-------------------------------------------
     0 | D:1      | Ordine the Gargoyle Fighter began the quest for the Orb.
     0 | D:1      | Reached XP level 1. HP: 14/14 MP: 1/1
   197 | D:1      | Reached XP level 2. HP: 19/19 MP: 2/2
   800 | D:2      | Reached XP level 3. HP: 23/23 MP: 3/3
   891 | D:2      | Found a faded altar of an unknown god.
  1377 | D:3      | Found a sparkling altar of Nemelex Xobeh.
  1760 | D:4      | Reached XP level 4. HP: 27/28 MP: 4/4
  1806 | D:4      | Reached XP level 5. HP: 31/32 MP: 5/5
  1850 | D:4      | Noticed an ogre
  1867 | D:4      | Slain by an ogre

Vault maps used:
D:1:      dpeg_arrival_three_same_balls
D:2:      chequers_ecumenical_altar_simple
D:3:      nemelex_diamond_rough_becter

Skill      XL: |  1  2  3 |
---------------+----------+-----
Maces & Flails | 3 4 |  4.5
Shields        | 4 |  4.4
Fighting       | |  3.2
Armour         | |  3.2

Action                   |  1- 3 |  4- 6 || total
-------------------------+-------+-------++-------
Melee: Flail             |   114 |    18 ||   132
  Use: Scroll            |     9 |     1 ||    10
  Eat: Chunk             |     2 |     1 ||     3
Armor: Scale mail        |    45 |       ||    45
       Chain mail        |    11 |     6 ||    17
Dodge: Dodged            |    38 |     3 ||    41
Block: Shield            |    53 |    10 ||    63
